 Dungeon Crawl Stone Soup version 0.29-a0-821-g66395355a5 (webtiles) character file.

Game seed: 16862787819057892087

73395 snetch the Severer (level 15, -1/139 HPs)
             Began as a Minotaur Berserker on July 1, 2022.
             Was a High Priest of Trog.
             Shot with an arrow by Nessos (18 damage)
             ... on level 6 of the Lair of Beasts on July 7, 2022.
             The game lasted 01:13:37 (24603 turns).

snetch the Severer (Minotaur Berserker)            Turns: 24603, Time: 01:13:43

Health: -1/139     AC: 19    Str: 36    XL:     15   Next: 3%
Magic:  14/14      EV: 21    Int:  7    God:    Trog [*****.]
Gold:   1247       SH:  5    Dex: 16    Spells: 14/14 levels left

rFire   . . .      SeeInvis .   a - +10 executioner's axe of the Lumpy Knaves {flame, Str+3 Int+3 Dex+4}
rCold   . . .      Faith    .   (shield currently unavailable)
rNeg    . . .      Spirit   .   k - +0 swamp dragon scales
rPois   +          Reflect  +   u - +1 hat {Will+}
rElec   .          Harm     .   B - +0 cloak
rCorr   .          Rampage  .   P - +2 pair of gloves
Will    ++...                   E - +0 pair of boots
Stlth   +.........              z - amulet of reflection
HPRegen 0.33/turn               L - +4 ring of evasion
MPRegen 0.14/turn               W - +6 ring of strength

@: lethally poisoned (-1 -> -20), studying Armour
A: horns 2, retaliatory headbutt
a: Renounce Religion, Berserk, Trog's Hand, Brothers in Arms


You were on level 6 of the Lair of Beasts.
You worshipped Trog.
Trog was extremely pleased with you.
You visited 3 branches of the dungeon, and saw 20 of its levels.
You also visited: Volcano.

You collected 1468 gold pieces.
You spent 221 gold pieces at shops.

Inventory:

Hand Weapons
 a - the +10 executioner's axe of the Lumpy Knaves (weapon) {flame, Str+3 Int+3 Dex+4}
   (You acquired it on level 4 of the Lair of Beasts)

   It burns those it strikes, dealing additional fire damage.
   Big, fiery blades are also staple armaments of hydra-hunters.
   Str:       It affects your strength (+3).
   Int:       It affects your intelligence (+3).
   Dex:       It affects your dexterity (+4).
 b - the +5 sling of Dried Tears {speed, rCorr Int+2}
   (You found it on level 4 of the Lair of Beasts)

   Attacks with this weapon are significantly faster.
   Int:       It affects your intelligence (+2).
   rCorr:     It protects you from acid and corrosion.
 d - a +4 antimagic trident
 e - the +7 war axe "Fezaph" {vorpal, rElec}
   (You bought it in a shop on level 12 of the Dungeon)

   It inflicts extra damage upon your enemies.
   rElec:     It insulates you from electricity.
Missiles
 f - 77 stones
 m - 6 throwing nets
 o - 7 boomerangs
 s - 7 poisoned darts (quivered)
Armour
 k - +0 swamp dragon scales (worn)
 u - a +1 hat of willpower (worn)
 A - a +3 ring mail of fire resistance
 B - a +0 cloak (worn)
 E - a +0 pair of boots (worn)
 P - a +2 pair of gloves (worn)
 X - +0 acid dragon scales
Jewellery
 w - a ring of protection from cold
 z - an amulet of reflection (around neck)
 L - a +4 ring of evasion (left hand)
 W - a +6 ring of strength (right hand)
Wands
 x - a wand of flame (33)
 D - a wand of charming (18)
 F - a wand of iceblast (8)
 J - a wand of light (8)
Scrolls
 i - 5 scrolls of fog {unknown}
 j - 4 scrolls of fear
 l - a scroll of summoning
 n - 3 scrolls of enchant weapon {unknown}
 r - 4 scrolls of teleportation {unknown}
 v - 4 scrolls of poison {unknown}
 y - 4 scrolls of vulnerability {unknown}
 C - 7 scrolls of blinking
 G - 4 scrolls of amnesia {unknown}
 I - a scroll of magic mapping
 K - 2 scrolls of immolation
 M - 4 scrolls of brand weapon {unknown}
 U - 2 scrolls of enchant armour
Potions
 g - 2 potions of ambrosia
 h - 3 potions of mutation {unknown}
 p - 12 potions of curing
 q - 5 potions of attraction {unknown}
 O - 2 potions of invisibility
 Q - a potion of haste
 R - 2 potions of lignification
 S - 10 potions of might
 V - 3 potions of flight {unknown}
Miscellaneous
 t - a tin of tremorstones (1/2)
 N - a piece from Xom's chessboard (15/15)
 T - a box of beasts


   Skills:
 + Level 14.7 Fighting
 + Level 18.1(18.9) Axes
 - Level 9.5(14.9) Maces & Flails
 + Level 5.8 Throwing
 + Level 13.6 Armour
 + Level 10.6 Dodging
 + Level 9.6 Shields


You had 14 spell levels left.
You didn't know any spells.
Your spell library contained the following spells:

 Spells                   Type           Power      Damage    Failure   Level
 Sting                    Tmut/Pois      0%         1d3       50%         1
 Summon Small Mammal      Summ           0%         N/A       50%         1
 Poisonous Vapours        Pois/Air       0%         N/A       65%         2
 Sublimation of Blood     Necr           0%         N/A       65%         2
 Wereblood                Tmut           0%         N/A       65%         2
 Call Canine Familiar     Summ           0%         N/A       86%         3
 Conjure Flame            Conj/Fire      0%         6-21      86%         3
 Ignite Poison            Fire/Tmut/Pois 0%         N/A       86%         3
 Summon Guardian Golem    Hex/Summ       0%         N/A       86%         3
 Olgreb's Toxic Radiance  Pois           0%         N/A       99%         4
 Sticky Flame             Conj/Fire      0%         2d3       99%         4
 Summon Forest            Summ/Tloc      0%         N/A       100%        5
 Eringya's Noxious Bog    Tmut/Pois      0%         N/A       100%        6
 Summon Hydra             Summ           0%         N/A       100%        7


Dungeon Overview and Level Annotations

Branches:
Dungeon (13/15)            Temple (1/1) D:7            Lair (6/6) D:9
  Swamp (0/4) Lair:2        Snake (0/4) Lair:2        Slime (0/5) Lair:5
    Orc (0/2) D:11        Volcano (visited)
 Vaults: D:13-14

Altars:
Ashenzari
Cheibriados
Dithmenos
Elyvilon
Fedhas
Gozag
Hepliaklqana
Kikubaaqudgha
Makhleb
Nemelex Xobeh
Okawaru
Qazlal
Ru
Sif Muna
Trog
Uskayaw
Vehumet
Wu Jian
Xom
Yredelemnul
Zin
The Shining One

Shops:
D:4 (   D:12 (

Annotations:
Lair:5 1 runed translucent door, Etewkasm's ghost, journeyman TrMo
Lair:6 Nessos


Innate Abilities, Weirdness & Mutations

You have a pair of horns on your head.
You reflexively headbutt those who attack you in melee.


Message History

You throw a poisoned dart. The poisoned dart hits Nessos!
Nessos looks as sick as possible!
Nessos is almost dead.
Your skin stops crawling.
You feel less strong-willed.
Nessos casts a spell.
Nessos blinks!
You throw a poisoned dart. The poisoned dart hits Nessos.
Nessos looks as sick as possible!
Nessos is almost dead.
Nessos shoots an arrow.
The arrow hits you! The arrow burns you.
Nessos unwields a +2 longbow of flaming.
It stops flaming.
Nessos completely misses you. Nessos misses you.
Nessos casts a spell.
Nessos blinks!
Things that are here:
a hydra skeleton; a cane toad skeleton A nearby fungus withers and dies.
Nessos is no longer moving quickly.
Nessos wields a +2 longbow of flaming.
It bursts into flame!
Nessos shoots an arrow.
The arrow hits you. The arrow burns you.
You are poisoned.
Nessos gestures wildly while chanting.
Nessos seems to speed up.
There is a stone staircase leading up, spattered with blood here.
Okay, then.
You throw a poisoned dart. The poisoned dart hits Nessos!
Nessos looks as sick as possible!
Nessos is almost dead.
You feel sick.
Nessos shoots an arrow.
The arrow hits you! The arrow burns you.
Nessos shoots an arrow.
The arrow hits you!
* * * LOW HITPOINT WARNING * * *
The arrow burns you.
You are more poisoned.
* * * LOW HITPOINT WARNING * * *
You feel very sick.
Nessos shoots an arrow.
The arrow hits you!
* * * LOW HITPOINT WARNING * * *
The arrow burns you.
* * * LOW HITPOINT WARNING * * *
Nessos shoots an arrow.
The arrow hits you!!
You die...

.................!.†......
.....(...(................
.............#............
..........................
..#..(.....................
..#.(.........((...........
#...........§...#..........
.........÷.÷..............
#........÷@..............
#..........÷............
#.P..c..###....#####..
##P.#..## ###### ## ####.##
###


You could see Nessos (fast, extremely poisoned).

Vanquished Creatures
  Gastronok (Lair:3)
  3 entropy weavers (Lair:4)
  Snorg (D:12)
  An ettin (D:11)
  Fannar (Lair:1)
  Harold (D:11)
  2 ghost crabs (Lair:4)
  A centaur warrior (D:13)
  3 boulder beetles
  7 hydras
  9 two-headed ogres
  6 death yaks
  A hell hog (Volcano)
  4 fire crabs (Lair:4)
  A lindwurm (Lair:5)
  A deep troll (D:11)
  A swamp dragon (Lair:2)
  A deep elf archer (D:11)
  A manticore (D:12)
  A cyclops (D:11)
  An ugly thing (D:13)
  17 elephants (Lair:5)
  3 salamanders (Volcano)
  7 cane toads
  A torpor snail (Lair:4)
  A gargoyle (D:13)
  A rime drake (Lair:6)
  10 komodo dragons
  An unseen horror (D:12)
  A tengu conjurer (D:13)
  2 efreet
  Psyche (D:9)
  4 trolls
  18 blink frogs
  6 slime creatures
  Grinder (D:6)
  A hornet (D:8)
  11 dream sheep
  Sigmund (D:2)
  10 spriggans (Lair:2)
  A vampire (D:6)
  2 shadows
  58 yaks
  2 wyverns
  A fire elemental (Lair:5)
  4 fire bats
  A wraith (D:12)
  Eustachio (D:6)
  5 basilisks
  2 steam dragons (D:6)
  6 vampire mosquitoes
  Menkaure (D:7)
  5 nagas (Lair:2)
  4 acid dragons
  Duvessa (D:4)
  18 water moccasins
  2 floating eyes (D:13)
  2 hell hounds (Volcano)
  2 black bears
  5 orc warriors
  3 ice beasts
  2 ogres
  24 wolves
  8 centaurs
  A kobold brigand (D:9)
  9 bullfrogs
  Blork the orc (D:4)
  A necrophage (D:6)
  3 gnoll sergeants (D:8)
  6 scorpions
  Dowan (D:4)
  7 killer bees
  11 howler monkeys
  An electric eel (Lair:5)
  6 crimson imps (D:7)
  7 hounds
  A jelly (D:7)
  7 orc priests
  Crazy Yiuf (D:6)
  2 gnoll boudas (D:8)
  Jessica (D:2)
  4 iguanas
  13 orc wizards
  5 adders
  24 gnolls
  7 white imps
  3 worms
  38 orcs
  6 ball pythons
  7 endoplasms
  8 giant cockroaches
  5 goblins
  9 hobgoblins
  12 jackals
  8 kobolds
  4 bats
  4 frilled lizards
  15 rats
543 creatures vanquished.

Vanquished Creatures (others)
  An entropy weaver (Lair:4)
  A steam dragon (D:6)
  12 fungi
  45 plants
59 creatures vanquished.

Grand Total: 602 creatures vanquished

Notes
Turn   | Place    | Note
-------+----------+-------------------------------------------
     0 | D:1      | snetch the Minotaur Berserker began the quest for the Orb.
     0 | D:1      | Reached XP level 1. HP: 19/19 MP: 0/0
   169 | D:1      | Reached XP level 2. HP: 27/27 MP: 1/1
   781 | D:1      | Reached ** piety under Trog
   953 | D:1      | Reached XP level 3. HP: 33/33 MP: 2/2
  1184 | D:2      | Found a faded altar of an unknown god.
  1587 | D:2      | Noticed Sigmund
  1604 | D:2      | Killed Sigmund
  1605 | D:2      | Reached skill level 5 in Fighting
  1605 | D:2      | Reached skill level 4 in Axes
  1605 | D:2      | Reached XP level 4. HP: 42/42 MP: 3/3
  1605 | D:2      | Reached XP level 5. HP: 48/48 MP: 4/4
  1752 | D:3      | Noticed Jessica
  1765 | D:2      | Reached skill level 5 in Axes
  1769 | D:2      | Killed Jessica
  1770 | D:2      | Reached XP level 6. HP: 28/56 MP: 5/5
  2358 | D:3      | Found a sacrificial altar of Ru.
  2491 | D:4      | Noticed Blork the orc
  2491 | D:4      | Found Tilerass's Weapon Shoppe.
  2506 | D:4      | Killed Blork the orc
  2507 | D:4      | Reached skill level 1 in Throwing
  2507 | D:4      | Reached skill level 5 in Armour
  2521 | D:4      | Reached XP level 7. HP: 62/62 MP: 6/6
  2653 | D:3      | Reached *** piety under Trog
  3160 | D:4      | Found an iron altar of Okawaru.
  3210 | D:4      | Noticed Duvessa
  3210 | D:4      | Noticed Dowan
  3226 | D:4      | Killed Duvessa
  3228 | D:4      | Killed Dowan
  3340 | D:5      | Entered Level 5 of the Dungeon
  3634 | D:4      | Found an ornate altar of the Wu Jian Council.
  3666 | D:4      | Found a radiant altar of Vehumet.
  3714 | D:4      | Noticed a yak
  3714 | D:4      | Noticed a yak
  3714 | D:4      | Noticed a yak
  3715 | D:4      | Noticed a yak
  3725 | D:4      | Killed a yak
  3726 | D:4      | Reached skill level 5 in Dodging
  3726 | D:4      | Reached XP level 8. HP: 71/71 MP: 7/7
  4409 | D:6      | Reached XP level 9. HP: 78/79 MP: 8/8
  4433 | D:6      | Found a runed translucent door.
  4434 | D:6      | Noticed Crazy Yiuf
  4447 | D:6      | Killed Crazy Yiuf
  4506 | D:5      | Reached skill level 6 in Axes
  5068 | D:6      | Reached skill level 1 in Shields
  5071 | D:6      | Reached skill level 7 in Axes
  5258 | D:6      | Reached **** piety under Trog
  5631 | D:6      | Noticed Grinder
  5652 | D:6      | Killed Grinder
  5653 | D:6      | Reached skill level 8 in Axes
  5759 | D:6      | Noticed Eustachio
  5776 | D:6      | HP: 6/121 [steam dragon (2)]
  5779 | D:6      | Killed Eustachio
  6166 | D:6      | Found a hazy altar of Hepliaklqana.
  6188 | D:6      | Noticed a two-headed ogre
  6205 | D:6      | Killed a two-headed ogre
  6206 | D:6      | Reached skill level 9 in Axes
  6414 | D:6      | Identified the +0 robe of Quiet Fog {Str+3}
  6434 | D:7      | Reached XP level 10. HP: 90/90 MP: 9/9
  6896 | D:8      | Reached skill level 10 in Axes
  7370 | D:7      | Reached skill level 10 in Armour
  7387 | D:7      | Reached skill level 1 in Maces & Flails
  7490 | D:7      | Noticed Menkaure
  7496 | D:7      | Killed Menkaure
  7510 | D:7      | Found a staircase to the Ecumenical Temple.
  7519 | Temple   | Entered the Ecumenical Temple
  8336 | D:7      | Found a white marble altar of Elyvilon.
  8782 | D:8      | Found a glowing silver altar of Zin.
  9449 | D:9      | Found a bloodstained altar of Trog.
  9606 | D:10     | Entered Level 10 of the Dungeon
  9696 | D:9      | Noticed a two-headed ogre
  9713 | D:9      | Killed a two-headed ogre
  9714 | D:9      | Reached skill level 5 in Maces & Flails
 10100 | D:9      | Reached skill level 5 in Shields
 10445 | D:9      | Noticed Psyche
 10450 | D:9      | Killed Psyche
 10632 | D:9      | Reached XP level 11. HP: 89/97 MP: 10/10
 10653 | D:9      | Found a staircase to the Lair.
 11274 | D:10     | Reached ***** piety under Trog
 11365 | D:10     | Noticed a two-headed ogre
 11375 | D:10     | Killed a two-headed ogre
 11561 | D:11     | Found a staircase to the Orcish Mines.
 11713 | D:11     | Reached skill level 11 in Axes
 11906 | D:10     | Found a broken altar of Ashenzari.
 12062 | D:10     | Reached skill level 10 in Fighting
 12651 | D:11     | Noticed a boulder beetle
 12666 | D:11     | Noticed Harold
 12668 | D:11     | Killed a boulder beetle
 12684 | D:11     | Killed Harold
 13179 | D:11     | Noticed a deep elf archer
 13179 | D:11     | Noticed a deep troll
 13188 | D:11     | Killed a deep troll
 13194 | D:11     | Killed a deep elf archer
 13197 | D:11     | Noticed an ettin
 13206 | D:11     | Killed an ettin
 13207 | D:11     | Reached XP level 12. HP: 81/108 MP: 11/11
 13329 | D:11     | Noticed a boulder beetle
 13344 | D:11     | Killed a boulder beetle
 13516 | D:12     | Noticed a two-headed ogre
 13535 | D:12     | Killed a two-headed ogre
 13725 | D:12     | Noticed a two-headed ogre
 13737 | D:12     | Killed a two-headed ogre
 14306 | D:13     | Noticed Snorg
 14310 | D:13     | Noticed a centaur warrior
 14320 | D:13     | Noticed a boulder beetle
 14329 | D:12     | Killed Snorg
 14330 | D:12     | Reached skill level 5 in Throwing
 14545 | D:12     | Killed a boulder beetle
 14753 | D:13     | Killed a centaur warrior
 14772 | D:12     | Found Wiecret's Antique Weapon Boutique.
 14777 | D:12     | Bought a steaming war axe for 221 gold pieces
 14777 | D:12     | Identified the +7 war axe "Fezaph" {vorpal, rElec} (You
                  | bought it in a shop on level 12 of the Dungeon)
 14873 | D:12     | Noticed a six-headed hydra
 14886 | D:12     | Killed a six-headed hydra
 15041 | D:12     | Noticed a two-headed ogre
 15050 | D:12     | Killed a two-headed ogre
 15296 | D:13     | Noticed a six-headed hydra
 15297 | D:13     | Noticed a vault guard
 15629 | D:13     | Noticed an ogre mage
 15629 | D:13     | Noticed a two-headed ogre
 15629 | D:13     | Noticed a two-headed ogre
 15629 | D:13     | Noticed a two-headed ogre
 15629 | D:13     | Noticed a two-headed ogre
 15629 | D:13     | Noticed a two-headed ogre
 15629 | D:13     | Noticed a two-headed ogre
 15636 | D:12     | Killed a two-headed ogre
 15870 | D:13     | Noticed a catoblepas
 15871 | D:13     | Paralysed by a floating eye for 4 turns
 15889 | D:13     | Killed a two-headed ogre
 15890 | D:13     | Reached skill level 12 in Axes
 15910 | D:12     | Killed a two-headed ogre
 15911 | D:12     | Reached XP level 13. HP: 118/118 MP: 12/12
 16190 | Lair:1   | Entered Level 1 of the Lair of Beasts
 16329 | Lair:1   | Noticed Fannar
 16441 | Lair:1   | Killed Fannar
 16613 | Lair:2   | Identified the +7 mace of Anuimpy {freeze, rN++ Will-
                  | Str+3}
 16833 | Lair:1   | Received a gift from Trog
 16951 | Lair:1   | Reached skill level 13 in Axes
 17121 | Lair:1   | Identified 2 scrolls of acquirement
 18381 | Lair:2   | Found a staircase to the Swamp.
 18413 | Lair:2   | Found a staircase to the Snake Pit.
 18604 | Lair:2   | Identified the +12 battleaxe "Killer Klown's Foe" {flame,
                  | Str+6 Dex-4} (Trog gifted it to you on level 2 of the Lair
                  | of Beasts)
 18604 | Lair:2   | Received a gift from Trog
 18679 | Lair:3   | Reached skill level 14 in Axes
 19282 | Lair:3   | Noticed Gastronok
 19293 | Lair:3   | Killed Gastronok
 19884 | Lair:4   | Noticed an entropy weaver
 19884 | Lair:4   | Noticed an entropy weaver
 19888 | Lair:4   | Killed an entropy weaver
 19898 | Lair:4   | Killed an entropy weaver
 20055 | Lair:4   | Reached XP level 14. HP: 73/130 MP: 13/13
 20299 | Lair:4   | Reached skill level 15 in Axes
 20544 | Lair:4   | Reached skill level 10 in Dodging
 20555 | Lair:4   | Identified the +5 sling of Dried Tears {speed, rCorr Int+2}
 20561 | Lair:4   | Upgraded the game from 0.29-a0-775-g4d7333d4e2 to
                  | 0.29-a0-819-g94b489e0ae
 20563 | Lair:4   | Acquired the +10 executioner's axe of the Lumpy Knaves
                  | {flame, Str+3 Int+3 Dex+4}
 20565 | Lair:4   | Acquired a manual of Armour
 21005 | Lair:4   | Found a runed translucent door.
 21578 | Lair:5   | Reached skill level 16 in Axes
 21613 | Lair:5   | Found a staircase to the Slime Pits.
 21689 | Lair:5   | Received a gift from Trog
 21733 | Lair:5   | Found a runed translucent door.
 21734 | Lair:5   | Noticed Etewkasm's ghost (journeyman TrMo)
 21813 | Lair:5   | Reached skill level 17 in Axes
 22009 | Lair:5   | Found a dark tunnel.
 22025 | Volcano  | Entered a volcano
 22502 | Volcano  | Upgraded the game from 0.29-a0-819-g94b489e0ae to
                  | 0.29-a0-821-g66395355a5
 23027 | Lair:4   | Found a glowing silver altar of Zin.
 23791 | Lair:6   | Entered Level 6 of the Lair of Beasts
 24077 | Lair:6   | Reached skill level 18 in Axes
 24082 | Lair:6   | Reached XP level 15. HP: 134/139 MP: 14/14
 24149 | Lair:6   | Noticed Nessos
 24603 | Lair:6   | Shot with an arrow by Nessos

Illustrated notes

Levels and vault maps discovered:
D:1:      dpeg_arrival_ratfight, layout_loops_corners
D:2:      layout_rooms, hellmonk_ecumenical_altar_crossroads,
          kennysheep_cluttered_room, hangedman_decor_points, uniq_sigmund
D:3:      layout_basic, mainiacjoe_overflow_paths, serial_bayou_lagoon_a,
          uniq_jessica
D:4:      layout_gridville, mainiacjoe_overflow_two_lobes, lemuel_crystal_altar,
          serial_shops, nicolae_stop_n_shop_2, uniq_duvessa, uniq_blork_the_orc
D:5:      layout_loops_cross
D:6:      layout_basic, nicolae_hepliaklqana_hazy_memory,
          uniq_crazy_yiuf_cottage, uniq_eustachio, uniq_grinder
D:7:      layout_layer_cave, marbit_many_paths,
          minmay_temple_entry_antechambers, minmay_nine_imps, uniq_menkaure
D:8:      layout_cave_pools, mainiacjoe_overflow_tiny_flanked,
          serial_gnoll_camp, gnoll_camp_huts_basic, gnoll_camp_mini_hut,
          gnoll_camp_mini_loothouse, gnoll_camp_mini_sergeant,
          gnoll_camp_mini_doghouse
D:9:      layout_loops_ring, kennysheep_mini, erik_lair_dragon, uniq_psyche
D:10:     layout_roguey, ashenzari_altar_1
D:11:     minmay_glassy_protrusions, layout_loops_ring, david_orc_3,
          chequers_jeans, uniq_harold
D:12:     layout_small_grid, serial_shops, nicolae_shop_overgrown_old_shop
D:13:     layout_cave_pools, david_vaults_5, serial_shops,
          nicolae_shop_temple_entry_statues_fountains, onia_ninara_cookie,
          uniq_sonja, uniq_snorg
Temple:   compressed_dpeg_triangle_lava_temple
Lair:1:   layout_chaotic_city, nicolae_quartered_pool_super, uniq_fannar
Lair:2:   kb_forest_paths, layout_concentric_octagons,
          minmay_swamp_entry_reptiles, minmay_snake_entry_guardpost_large
Lair:3:   layout_roguey, chequers_serial_rivers_small_b, uniq_gastronok
Lair:4:   gammafunk_mikee_crab_dinner, layout_cave_pods, basic_altar,
          serial_bayou_pond_e
Lair:5:   layout_gridlike, dpeg_slime_entry_corner,
          nicolae_volcano_entry_batcave, ebering_ghost_inner_flame
Lair:6:   hangedman_lair_in_review, layout_cave_shapes,
          eino_small_chamber_without_monster, chequers_serial_rivers_small_a,
          minmay_lair_drake_nest, uniq_nessos, uniq_rupert

Skill      XL: |  1  2  3  4  5  6  7  8  9 10 11 12 13 14 |
---------------+-------------------------------------------+-----
Fighting       | 4 5 6 7 8 9 10 12 13 14 | 14.7
Dodging        | 3 4 5 6 7 8 9 10 | 10.6
Axes           | 4 5 9 10 11 12 14 18 | 18.1
Armour         | 3 4 5 8 9 10 11 12 13 | 13.6
Throwing       | 1 2 3 5 |  5.8
Shields        | 2 5 6 8 9 |  9.6
Maces & Flails | 6 8 9 |  9.5

Action                   |  1- 3 |  4- 6 |  7- 9 | 10-12 | 13-15 || total
-------------------------+-------+-------+-------+-------+-------++-------
Melee: Hand axe          |    37 |       |       |       |       ||    37
       Headbutt          |    15 |    13 |    54 |   151 |   104 ||   337
       Dagger            |    71 |    89 |   120 |       |       ||   280
       Punch             |       |     2 |     5 |     1 |       ||     8
       War axe           |       |       |   146 |   174 |   196 ||   516
       Demon whip        |       |       |       |   437 |       ||   437
       Battleaxe         |       |       |       |       |    91 ||    91
       Scimitar          |       |       |       |       |    16 ||    16
       Executioner's axe |       |       |       |       |   185 ||   185
       Mace              |       |       |       |       |     6 ||     6
Throw: Stone             |     8 |     4 |     3 |    47 |    11 ||    73
       Dart              |       |       |       |    40 |    11 ||    51
Invok: Trog's Hand       |     1 |     1 |     4 |     4 |     2 ||    12
       Berserk           |       |     3 |     6 |     7 |     6 ||    22
Evoke: Tin of tremorston |       |       |       |       |     1 ||     1
  Use: Potion            |       |       |     1 |       |     1 ||     2
       Scroll            |       |       |       |     1 |    18 ||    19
 Stab: Petrified         |       |       |       |     4 |       ||     4
       Invisible         |       |       |       |       |     1 ||     1
Armor: Leather armour    |    13 |       |    53 |       |       ||    66
       Ring mail         |    28 |    21 |    18 |       |    46 ||   113
       Chain mail        |       |       |    37 |       |       ||    37
       Scale mail        |       |       |       |   170 |     5 ||   175
       Swamp dragon scal |       |       |       |       |   129 ||   129
Dodge: Dodged            |    68 |    45 |   169 |   221 |   384 ||   887
Block: Other             |       |       |    27 |    35 |    65 ||   127
       Buckler           |       |       |       |   188 |   107 ||   295
       Reflection        |       |       |       |    11 |     6 ||    17

Table legend: (Time is in decaauts)
 A = Elapsed time spent in this place.
 B = Non-inter-level travel time spent in this place.
 C = Inter-level travel time spent in this place.
 D = Time resting spent in this place.
 E = Time spent auto-exploring this place.
 F = Levels seen in this place.
 G = Mean time per level.
                   A        B        C        D        E       F      G
               +--------+--------+--------+--------+--------+-----+--------+
         Total |  24674 |  23424 |   1250 |   1736 |  15522 |  21 | 1175.0 |
       Dungeon |  15944 |  15147 |    797 |   1016 |  10498 |  13 | 1226.5 |
        Temple |    343 |    343 |      0 |      0 |      0 |   1 |  343.0 |
          Lair |   7882 |   7430 |    452 |    578 |   4895 |   6 | 1313.7 |
       Volcano |    503 |    503 |      0 |    141 |    128 |   1 |  503.0 |
               +--------+--------+--------+--------+--------+-----+--------+

Top non-repeatable levels by time:
    D:12: 2397 daAuts
  Lair:4: 2329 daAuts
     D:9: 1839 daAuts
  Lair:5: 1783 daAuts
     D:6: 1675 daAuts
     D:7: 1608 daAuts
  Lair:2: 1586 daAuts
    D:11: 1201 daAuts
     D:2: 1200 daAuts
  Lair:1: 1172 daAuts
    D:10: 1134 daAuts
     D:1: 1127 daAuts
     D:4: 1053 daAuts
     D:5: 999 daAuts
     D:8: 919 daAuts
